ORI
UNIVERSITY OF MAINE BLACK BEARS @ ARIZONA STATE UNIVERSITY SUN DEVILS
12/13/2047
 
TOP OF THE 1ST
University of Florida Gators batting - Pitching for University of Maine Black Bears : RHP Daniel Graves
Pitching: RHP Daniel Graves
Batting: SHB Pat Justice 0-0: Ball
1-0: Ball
2-0: Foul Ball, location: 2F
2-1: Foul Ball, location: 2F
2-2: Ball
3-2: Foul Ball, location: 2F
3-2: Foul Ball, location: 2F
3-2: Strikes out swinging
Batting: RHB Juan Lopez 0-0: Ball
1-0: Ball
2-0: Ground out 6-3 (Groundball, 6, EV 83.1 MPH)
Batting: RHB Robert Mason 0-0: Ball
1-0: Ball
2-0: Ball
3-0: Called Strike
3-1: Fly out, F9 (Flyball, 9, EV 86.2 MPH)
Top of the 1st over - 0 runs, 0 hits, 0 errors, 0 left on base; University of Florida 0 - University of Maine 0
BOTTOM OF THE 1ST
University of Maine Black Bears batting - Pitching for University of Florida Gators : RHP Carlos Figueroa
Pitching: RHP Carlos Figueroa
Batting: RHB Frank Gould 0-0: Ball
1-0: Called Strike
1-1: Foul Ball, location: 2F
1-2: Fly out, F8 (Flyball, 89D, EV 100.6 MPH)
Batting: SHB Ron Handford 0-0: Ball
1-0: Swinging Strike
1-1: Foul Ball, location: 2F
1-2: Ball
2-2: Strikes out looking
Batting: RHB Dave MacAulay 0-0: Ball
1-0: Swinging Strike
1-1: Swinging Strike
1-2: Ball
2-2: Foul Ball, location: 2F
2-2: Ball
3-2: Ground out 4-3 (Groundball, 4, EV 82.5 MPH)
Bottom of the 1st over - 0 runs, 0 hits, 0 errors, 0 left on base; University of Florida 0 - University of Maine 0
TOP OF THE 2ND
University of Florida Gators batting - Pitching for University of Maine Black Bears : RHP Daniel Graves
Batting: RHB Gong-sun Law 0-0: SINGLE (Groundball, 56S, EV 67.5 MPH) (infield hit)
Batting: RHB Elliott Pye 0-0: Foul Ball, location: 2F
0-1: Ball
1-1: Fly out, F8 (Flyball, 8LD, EV 108.1 MPH)
Batting: LHB Dave Newsome 0-0: Ball
1-0: Called Strike
1-1: Swinging Strike
1-2: Ball
2-2: Foul Ball, location: 2F
2-2: Strikes out swinging
Batting: LHB Jose Garcia 0-0: Called Strike
0-1: Swinging Strike
0-2: Foul Ball, location: 2F
0-2: Foul Ball, location: 2F
0-2: Ball
1-2: Ball
2-2: Foul Ball, location: 2F
2-2: Foul Ball, location: 2F
2-2: Ball
3-2: Foul Ball, location: 2F
3-2: Fly out, F5 (Line Drive, 5, EV 69.4 MPH)
Top of the 2nd over - 0 runs, 1 hit, 0 errors, 1 left on base; University of Florida 0 - University of Maine 0
BOTTOM OF THE 2ND
University of Maine Black Bears batting - Pitching for University of Florida Gators : RHP Carlos Figueroa
Batting: LHB John Bergeron 0-0: Ball
1-0: Foul Ball, location: 2F
1-1: Ball
2-1: Foul Ball, location: 2F
2-2: Ball
3-2: Foul Ball, location: 2F
3-2: Strikes out looking
Batting: RHB Rewa Havika 0-0: Ground out 2-3 (Groundball, 15S, EV 67.5 MPH)
Batting: RHB Geoffrey Gonzalez 0-0: Ball
1-0: Ball
2-0: Ball
3-0: Called Strike
3-1: Foul Ball, location: 2F
3-2: Strikes out looking
Bottom of the 2nd over - 0 runs, 0 hits, 0 errors, 0 left on base; University of Florida 0 - University of Maine 0
TOP OF THE 3RD
University of Florida Gators batting - Pitching for University of Maine Black Bears : RHP Daniel Graves
Batting: RHB Keith Kamerling 0-0: Called Strike
0-1: Called Strike
0-2: Ball
1-2: Strikes out swinging
Batting: RHB Danny Cisneros 0-0: Called Strike
0-1: Ball
1-1: Ball
2-1: Foul Ball, location: 2F
2-2: Strikes out looking
Batting: SHB Pat Justice 0-0: Called Strike
0-1: Foul Ball, location: 2F
0-2: Ball
1-2: Foul Ball, location: 2F
1-2: Ball
2-2: Ground out 4-3 (Groundball, 34, EV 86.2 MPH)
Top of the 3rd over - 0 runs, 0 hits, 0 errors, 0 left on base; University of Florida 0 - University of Maine 0
BOTTOM OF THE 3RD
University of Maine Black Bears batting - Pitching for University of Florida Gators : RHP Carlos Figueroa
Batting: RHB Justin Degon 0-0: Called Strike
0-1: SINGLE (Line Drive, 56D, EV 95.6 MPH)
Batting: RHB Wang Huan 0-0: Ball
Justin Degon is caught stealing 2nd base 2-4
1-0: Ball
2-0: Called Strike
2-1: Ball
3-1: Called Strike
3-2: Foul Ball, location: 2F
3-2: Strikes out looking
Batting: RHB Bryan Douglas 0-0: Foul Ball, location: 2F
0-1: Ball
1-1: Foul Ball, location: 2F
1-2: DOUBLE (Flyball, 78D, EV 100.6 MPH)
Batting: RHB Frank Gould 0-0: Ball
1-0: Called Strike
1-1: Ball
2-1: Ball
3-1: Called Strike
3-2: SINGLE (Line Drive, 78M, EV 111.2 MPH)
Bryan Douglas to third
Runner from 3rd tries for Home, SAFE, throw by LF to home
Frank Gould to second
Batting: SHB Ron Handford 0-0: Called Strike
0-1: Ball
1-1: Called Strike
1-2: Ball
2-2: Foul Ball, location: 2F
2-2: Fly out, F9 (Flyball, 9LS, EV 96.9 MPH)
Bottom of the 3rd over - 1 run, 3 hits, 0 errors, 1 left on base; University of Florida 0 - University of Maine 1
TOP OF THE 4TH
University of Florida Gators batting - Pitching for University of Maine Black Bears : RHP Daniel Graves
Batting: RHB Juan Lopez 0-0: Ball
1-0: Ball
2-0: Called Strike
2-1: Ground out 6-3 (Groundball, 6, EV 83.8 MPH)
Batting: RHB Robert Mason 0-0: Called Strike
0-1: Foul Ball, location: 2F
0-2: Ball
1-2: DOUBLE (Groundball, 5L, EV 105.0 MPH)
Batting: RHB Gong-sun Law 0-0: Ball
1-0: Called Strike
1-1: Fly out, F8 (Flyball, 8RD, EV 86.2 MPH)
Runner from 2nd tags up, SAFE at 3rd with throw by CF
Batting: RHB Elliott Pye 0-0: Called Strike
0-1: Ball
1-1: Foul Ball, location: 2F
1-2: Ball
2-2: Ball
3-2: Ground out 4-3 (Groundball, 34, EV 101.9 MPH)
Top of the 4th over - 0 runs, 1 hit, 0 errors, 1 left on base; University of Florida 0 - University of Maine 1
BOTTOM OF THE 4TH
University of Maine Black Bears batting - Pitching for University of Florida Gators : RHP Carlos Figueroa
Batting: RHB Dave MacAulay 0-0: Called Strike
0-1: Swinging Strike
0-2: Ball
1-2: Foul Ball, location: 2F
1-2: Ball
2-2: Foul Ball, location: 2F
2-2: Strikes out swinging
Batting: LHB John Bergeron 0-0: Ball
1-0: Called Strike
1-1: Ball
2-1: Foul Ball, location: 2F
2-2: Foul Ball, location: 2F
2-2: Foul Ball, location: 2F
2-2: Ball
3-2: SOLO HOME RUN (Flyball, 9LD, EV 94.4 MPH), Distance : 351 ft
Batting: RHB Rewa Havika 0-0: Swinging Strike
0-1: Ball
1-1: Swinging Strike
1-2: Ball
2-2: Ball
3-2: Foul Ball, location: 2F
3-2: Foul Ball, location: 2F
3-2: Ground out 6-3 (Groundball, 6, EV 90.0 MPH)
Batting: RHB Geoffrey Gonzalez 0-0: Ground out 5-3 (Groundball, 5, EV 106.9 MPH)
Bottom of the 4th over - 1 run, 1 hit, 0 errors, 0 left on base; University of Florida 0 - University of Maine 2
TOP OF THE 5TH
University of Florida Gators batting - Pitching for University of Maine Black Bears : RHP Daniel Graves
Batting: LHB Dave Newsome 0-0: Ball
1-0: Ball
2-0: Foul Ball, location: 2F
2-1: Ball
3-1: Called Strike
3-2: Foul Ball, location: 2F
3-2: Foul Ball, location: 2F
3-2: Fly out, F7 (Flyball, 78D, EV 85.0 MPH)
Pitching: RHP Etienne Verburg
Batting: LHB Jose Garcia 0-0: Ball
1-0: Ball
2-0: Called Strike
2-1: Foul Ball, location: 2F
2-2: Foul Ball, location: 2F
2-2: Foul Ball, location: 2F
2-2: Strikes out looking
Batting: RHB Keith Kamerling 0-0: Ground out 6-3 (Groundball, 6, EV 88.1 MPH)
Top of the 5th over - 0 runs, 0 hits, 0 errors, 0 left on base; University of Florida 0 - University of Maine 2
BOTTOM OF THE 5TH
University of Maine Black Bears batting - Pitching for University of Florida Gators : RHP Carlos Figueroa
Pitching: LHP John Nicholson
Batting: RHB Justin Degon 0-0: Ball
1-0: Ground out 5-3 (Groundball, 56S, EV 84.4 MPH)
Batting: RHB Wang Huan 0-0: Ball
1-0: Fly out, F8 (Line Drive, 8LM, EV 90.6 MPH)
Batting: RHB Bryan Douglas 0-0: Ball
1-0: SINGLE (Groundball, 34S, EV 88.1 MPH) (infield hit)
Batting: RHB Frank Gould 0-0: Called Strike
0-1: Swinging Strike
0-2: Foul Ball, location: 2F
0-2: DOUBLE (Line Drive, 9LS, EV 90.6 MPH)
Bryan Douglas to third
Runner from 3rd tries for Home, throw by RF and OUT! 9-4-2
Bottom of the 5th over - 0 runs, 2 hits, 0 errors, 1 left on base; University of Florida 0 - University of Maine 2
TOP OF THE 6TH
University of Florida Gators batting - Pitching for University of Maine Black Bears : RHP Etienne Verburg
Batting: RHB Danny Cisneros 0-0: Ball
1-0: Ball
2-0: Ball
3-0: Called Strike
3-1: Foul Ball, location: 2F
3-2: Fly out, F8 (Flyball, 8LD, EV 107.5 MPH)
Batting: SHB Pat Justice 0-0: Called Strike
0-1: Ball
1-1: Called Strike
1-2: Strikes out looking
Batting: RHB Juan Lopez 0-0: Ground out 5-3 (Groundball, 56S, EV 86.2 MPH)
Top of the 6th over - 0 runs, 0 hits, 0 errors, 0 left on base; University of Florida 0 - University of Maine 2
BOTTOM OF THE 6TH
University of Maine Black Bears batting - Pitching for University of Florida Gators : LHP John Nicholson
Batting: SHB Ron Handford 0-0: Swinging Strike
0-1: Foul Ball, location: 2F
0-2: Ground out 5-3 (Groundball, 56D, EV 84.4 MPH)
Batting: RHB Dave MacAulay 0-0: Ball
1-0: Ball
2-0: Called Strike
2-1: Foul Ball, location: 2F
2-2: Foul Ball, location: 2F
2-2: Strikes out swinging
Batting: LHB John Bergeron 0-0: Ball
1-0: Swinging Strike
1-1: Swinging Strike
1-2: Foul Ball, location: 2F
1-2: Foul Ball, location: 2F
1-2: Ball
2-2: Foul Ball, location: 2F
2-2: Ball
3-2: Foul Ball, location: 2F
3-2: Ground out 6-3 (Groundball, 6, EV 103.8 MPH)
Bottom of the 6th over - 0 runs, 0 hits, 0 errors, 0 left on base; University of Florida 0 - University of Maine 2
TOP OF THE 7TH
University of Florida Gators batting - Pitching for University of Maine Black Bears : RHP Etienne Verburg
Now in RF: John Knox
Batting: RHB Robert Mason 0-0: Ball
1-0: Called Strike
1-1: Foul Ball, location: 2F
1-2: Fly out, F7 (Line Drive, 78M, EV 92.5 MPH)
Batting: RHB Gong-sun Law 0-0: Called Strike
0-1: Foul Ball, location: 2F
0-2: Foul Ball, location: 2F
0-2: Ball
1-2: Ball
2-2: Foul Ball, location: 2F
2-2: Foul Ball, location: 2F
2-2: Strikes out swinging
Batting: RHB Elliott Pye 0-0: Ball
1-0: Fly out, F9 (Flyball, 89S, EV 88.1 MPH)
Top of the 7th over - 0 runs, 0 hits, 0 errors, 0 left on base; University of Florida 0 - University of Maine 2
BOTTOM OF THE 7TH
University of Maine Black Bears batting - Pitching for University of Florida Gators : LHP John Nicholson
Pitching: RHP Roberto Santiago
Batting: RHB Rewa Havika 0-0: Ball
1-0: Foul Ball, location: 2F
1-1: Ball
2-1: Foul Ball, location: 2F
2-2: Foul Ball, location: 2F
2-2: Ground out 6-3 (Groundball, 6, EV 86.2 MPH)
Batting: RHB Geoffrey Gonzalez 0-0: Swinging Strike
0-1: Ball
1-1: Ball
2-1: Foul Ball, location: 2F
2-2: Foul Ball, location: 2F
2-2: Ground out U3 (Groundball, 3L, EV 78.8 MPH)
Batting: RHB Justin Degon 0-0: Ball
1-0: Foul Ball, location: 2F
1-1: Called Strike
1-2: Ball
2-2: Ball
3-2: SINGLE (Line Drive, 89S, EV 95.0 MPH)
Batting: RHB Wang Huan 0-0: Called Strike
Justin Degon steals 2nd base
0-1: Swinging Strike
0-2: Ball
1-2: Foul Ball, location: 2F
1-2: Ground out 6-3 (Groundball, 6, EV 80.0 MPH)
Bottom of the 7th over - 0 runs, 1 hit, 0 errors, 1 left on base; University of Florida 0 - University of Maine 2
TOP OF THE 8TH
University of Florida Gators batting - Pitching for University of Maine Black Bears : RHP Etienne Verburg
Pitching: RHP Shizue Morimoto
Batting: LHB Dave Newsome 0-0: Ball
1-0: Ball
2-0: Ball
3-0: Called Strike
3-1: Ground out 3-1 (Groundball, 3L, EV 96.9 MPH)
Batting: LHB Jose Garcia 0-0: Swinging Strike
0-1: Ball
1-1: SINGLE (Groundball, P, EV 93.1 MPH) (infield hit)
Pinch Hitting: RHB Marco Morales 0-0: Ball
1-0: Ball
2-0: Foul Ball, location: 2F
2-1: Ball
3-1: Foul Ball, location: 2F
3-2: Foul Ball, location: 2F
3-2: Foul Ball, location: 2F
3-2: Foul Ball, location: 2F
3-2: SINGLE (Groundball, 34D, EV 103.1 MPH)
Jose Garcia to second
Runner from 2nd tries for 3rd, SAFE, throw by RF made to third
Batting: RHB Manny Harrison 0-0: Ball
1-0: Foul Ball, location: 2F
1-1: Swinging Strike
1-2: Foul Ball, location: 2F
1-2: Strikes out looking
Pitching: RHP Chris Liddie
Batting: SHB Pat Justice 0-0: Ball
1-0: Ball
2-0: Ball
3-0: Called Strike
3-1: Base on Balls
Marco Morales to second
Batting: RHB Juan Lopez 0-0: Foul Ball, location: 2F
0-1: Foul Ball, location: 2F
0-2: Ball
1-2: Foul Ball, location: 2F
1-2: Foul Ball, location: 2F
1-2: Ball
2-2: Ball
3-2: Foul Ball, location: 2F
3-2: Strikes out swinging
Top of the 8th over - 0 runs, 2 hits, 0 errors, 3 left on base; University of Florida 0 - University of Maine 2
BOTTOM OF THE 8TH
University of Maine Black Bears batting - Pitching for University of Florida Gators : RHP Roberto Santiago
Pitching: RHP Dave Ross
Now in LF: Marco Morales
Batting: RHB Bryan Douglas 0-0: Fly out, F1 (Line Drive, P, EV 70.0 MPH)
Batting: RHB Frank Gould 0-0: Called Strike
0-1: Fly out, F5 (Line Drive, 5, EV 63.8 MPH)
Batting: SHB Ron Handford 0-0: Ball
1-0: SOLO HOME RUN (Line Drive, 9D, EV 101.9 MPH), Distance : 398 ft
Batting: RHB Dave MacAulay 0-0: Foul Ball, location: 2F
0-1: Ball
1-1: Ball
2-1: Called Strike
2-2: Ground out 5-3 (Groundball, 56S, EV 83.1 MPH)
Bottom of the 8th over - 1 run, 1 hit, 0 errors, 0 left on base; University of Florida 0 - University of Maine 3
TOP OF THE 9TH
University of Florida Gators batting - Pitching for University of Maine Black Bears : RHP Chris Liddie
Pitching: RHP Jorge Gutierrez
Batting: RHB Robert Mason 0-0: Ground out 6-3 (Groundball, 6S, EV 91.2 MPH)
Batting: RHB Gong-sun Law 0-0: Swinging Strike
0-1: Fly out, F8 (Flyball, 8RD, EV 74.4 MPH)
Batting: RHB Elliott Pye 0-0: Fly out, F9 (Flyball, 89D, EV 83.8 MPH)
Top of the 9th over - 0 runs, 0 hits, 0 errors, 0 left on base; University of Florida 0 - University of Maine 3
Thursday, December 15th , 2022 - OOTP Baseball 23.9 Build 102